 Dungeon Crawl Stone Soup version 0.31.0-12-g77e489cdc1 (webtiles) character file.

Game seed: 4591749556835836787

2155 Killerpretzel the Changeling (level 9, -2/61 HPs)
             Began as an Octopode Shapeshifter on Feb 24, 2024.
             Was a Follower of Vehumet.
             Slain by a wyvern (15 damage)
             ... on level 7 of the Dungeon.
             The game lasted 00:11:34 (7340 turns).

Killerpretzel the Changeling (OpSh)                 Turns: 7340, Time: 00:11:35

Health: -2/61      AC:  1    Str: 13    XL:     9   Next: 31%
Magic:  9/9        EV: 15    Int: 13    God:    Vehumet [*.....]
Gold:   380        SH:  0    Dex: 15    Spells: 8/8 levels left

rFire   . .          .
                       - Unarmed
rCold   . . .        (no shield)
rNeg    . . .        (helmet currently unavailable)
rPois   .            (no amulet)
rElec   .            f - ring of willpower
rCorr   .            (no ring)
SInv    .            (no ring)
Will    +....        (no ring)
Stlth   ++           (no ring)
HPRegen 0.30/turn    (no ring)
MPRegen 0.11/turn    (no ring)
                     (no ring)

%: no passive effects
@: beast-form
A: beast (slay +4), almost no armour, amphibious, 8 rings, camouflage 1,
gelatinous body 1, (nimble swimmer 1), tentacles
a: Begin Untransformation, Renounce Religion


You were on level 7 of the Dungeon.
You worshipped Vehumet.
Vehumet was aware of your devotion.
You were a hulking beast.
You visited 1 branch of the dungeon, and saw 7 of its levels.

You collected 380 gold pieces.

Inventory:

Missiles
 i - 3 boomerangs (quivered)
Jewellery
 f - a ring of willpower (left tentacle)
Talismans
 b - a beast talisman
 c - a flux talisman
Wands
 m - a wand of iceblast (21)
Scrolls
 a - 3 scrolls of teleportation
 e - 10 scrolls of identify
 g - a scroll of poison
 l - 2 scrolls of fear
 n - 2 scrolls of noise
 o - a scroll of fog {unknown}
 p - a scroll of amnesia
Potions
 d - 3 potions of degeneration
 h - 2 potions of resistance
 j - 2 potions of mutation
 k - a potion of enlightenment
 q - a potion of cancellation {unknown}


   Skills:
 + Level 5.3 Fighting
 + Level 5.7 Dodging
 + Level 6.2 Unarmed Combat
 * Level 7.5 Shapeshifting


You had 8 spell levels left.
You didn't know any spells.
Your spell library contained the following spells:

 Spells                   Type           Power      Damage    Failure   Level
 Freeze                   Ice            0%         1d3       30%         1
 Inner Flame              Hex/Fire       0%         N/A       67%         3
 Tukima's Dance           Hex            0%         N/A       67%         3
 Volatile Blastmotes      Fire/Tloc      0%         2d10      67%         3
 Dimensional Bullseye     Hex/Tloc       0%         N/A       97%         4
 Flame Wave               Conj/Fire      0%         2d4       97%         4
 Fulminant Prism          Conj/Alch      0%         3d5       97%         4
 Iskenderun's Mystic Bla  Conj/Tloc      0%         2d3       97%         4
 Sticky Flame             Fire/Alch      0%         2d4       97%         4


Dungeon Overview and Level Annotations

Branches:
Dungeon (7/15)             Temple (0/1) D:5

Altars:
Ashenzari
Dithmenos
Gozag
Hepliaklqana
Kikubaaqudgha
Makhleb
Ru
Sif Muna
Vehumet
The Shining One

Shops:
D:2 :


Innate Abilities, Weirdness & Mutations

You are a hulking beast.
Your limbs bulge with bestial killing power. (Slay +4)
You cannot wear most types of armour.
You are amphibious.
You can wear up to eight rings at the same time.
Your skin changes colour to match your surroundings (Stealth+).
Your rubbery body absorbs attacks. (AC +1, EV +1)
((You are camouflaged when in or above water. (Stealth+)))
You have tentacles for arms and can constrict up to eight enemies at once.


Message History

The wyvern is lightly wounded.
The wyvern bites you!
You bludgeon the wyvern!
The wyvern is moderately wounded.
The wyvern bites you. The wyvern closely misses you.
You tentacle-slap the wyvern but do no damage.
The wyvern is moderately wounded.
The wyvern barely misses you.
You tentacle-slap the wyvern. You squeeze the wyvern!
The wyvern is severely wounded.
The wyvern bites you.
You closely miss the wyvern.
The wyvern is severely wounded.
The wyvern barely misses you. x2
You closely miss the wyvern.
The wyvern is severely wounded.
The wyvern bites you!
You are too injured to fight recklessly!
A wyvern is nearby!
You tentacle-slap the wyvern.
You squeeze the wyvern, but do no damage.
The wyvern is severely wounded.
The wyvern bites you!
You barely miss the wyvern.
The wyvern is severely wounded.
The wyvern closely misses you. The wyvern completely misses you.
You tentacle-slap the wyvern but do no damage.
The wyvern is severely wounded.
The wyvern closely misses you.
You tentacle-slap the wyvern. Your squeeze misses the wyvern.
The wyvern is almost dead.
The wyvern bites you!
* * * LOW HITPOINT WARNING * * *
You tentacle-slap the wyvern but do no damage.
The wyvern is almost dead.
The wyvern misses you. The wyvern barely misses you.
You tentacle-slap the wyvern.
Your tentacle-slap misses the wyvern.
The wyvern is almost dead.
The wyvern bites you!
You die...

##.. .# ##.## ..
##.### #. #.## #
#.## ##.## #... ..
##.## ..# #.##
####.# #k# #.. .
.# ##. #h# ##.#
.#.# ## #.###.#
#..# ### #.#...#
#..# #.. #(#.#.##
##.####.#
#......###........
###.##.....#####.#
#.####..## #.. #.#
#.####..# #.. #.#
#>. ....# #.#


You could see a wyvern.

Vanquished Creatures
  A wyvern (D:7)
  2 water moccasins (D:7)
  An ice beast (D:6)
  2 black bears
  An ogre (D:6)
  2 centaurs
  3 phantoms
  A kobold brigand (D:7)
  4 bullfrogs
  3 scorpions
  A bombardier beetle (D:5)
  A jelly (D:5)
  A hound (D:6)
  An orc priest (D:6)
  An orc wizard (D:4)
  3 sleepcaps
  An iguana (D:5)
  Robin (D:3)
  11 adders
  4 gnolls (D:5)
  2 shadow imps
  3 dart slugs
  2 ribbon worms (D:2)
  11 orcs
  7 ball pythons
  2 bats
  11 endoplasms
  4 giant cockroaches
  16 goblins
  3 hobgoblins
  3 jackals (D:5)
  6 quokkas
  3 frilled lizards
  A jackal zombie (D:7)
  11 kobolds
  5 rats
135 creatures vanquished.

Notes
Turn   | Place    | Note
-------+----------+-------------------------------------------
     0 | D:1      | Killerpretzel the Octopode Shapeshifter began the quest for
                  | the Orb.
     0 | D:1      | Reached XP level 1. HP: 13/13 MP: 1/1
   120 | D:1      | Reached XP level 2. HP: 16/18 MP: 2/2
   480 | D:1      | Reached XP level 3. HP: 23/23 MP: 3/3
   780 | D:2      | Noticed a phantom
   796 | D:2      | Killed a phantom
   797 | D:2      | Reached XP level 4. HP: 28/29 MP: 4/4
   867 | D:2      | Noticed a walking frostbound tome
   868 | D:2      | Found Liholyshri's Book Shoppe.
   870 | D:2      | Noticed a walking crystal tome
  1027 | D:2      | Reached XP level 5. HP: 29/34 MP: 5/5
  1278 | D:2      | Reached skill level 4 in Shapeshifting
  1805 | D:3      | Found a shimmering blue altar of Sif Muna.
  1809 | D:3      | Noticed Robin
  1817 | D:3      | Killed Robin
  2088 | D:3      | Found a burning altar of Makhleb.
  2126 | D:3      | Found an opulent altar of Gozag.
  2467 | D:4      | Found a radiant altar of Vehumet.
  2644 | D:4      | Became a worshipper of Vehumet
  2685 | D:4      | Reached XP level 6. HP: 41/41 MP: 6/6
  2737 | D:4      | Found a shadowy altar of Dithmenos.
  2779 | D:4      | Found a broken altar of Ashenzari.
  3535 | D:4      | Found a faded altar of an unknown god.
  3536 | D:4      | Found a hazy altar of Hepliaklqana.
  3797 | D:5      | Entered Level 5 of the Dungeon
  3811 | D:5      | Reached XP level 7. HP: 36/46 MP: 7/7
  3860 | D:5      | Reached skill level 5 in Shapeshifting
  3870 | D:5      | Found a staircase to the Ecumenical Temple.
  4151 | D:5      | Reached * piety under Vehumet
  4151 | D:5      | Offered knowledge of Freeze by Vehumet.
  4963 | D:6      | Reached skill level 5 in Unarmed Combat
  4963 | D:6      | Reached XP level 8. HP: 47/54 MP: 8/8
  5081 | D:6      | Reached skill level 6 in Shapeshifting
  5296 | D:6      | Found a glowing golden altar of the Shining One.
  5795 | D:6      | HP: 1/54 [ogre/+0 giant club (19)]
  6595 | D:7      | Reached skill level 5 in Dodging
  6776 | D:7      | Reached skill level 7 in Shapeshifting
  6780 | D:7      | Reached XP level 9. HP: 47/60 MP: 9/9
  6950 | D:7      | Reached skill level 5 in Fighting
  6967 | D:7      | Found an ancient bone altar of Kikubaaqudgha.
  7243 | D:7      | Found a sacrificial altar of Ru.
  7340 | D:7      | Slain by a wyvern

Illustrated notes

Levels and vault maps discovered:
D:1:      heliophobic_arrival_glass_houses, layout_basic
D:2:      layout_basic, serial_shops, nicolae_shop_mannequins,
          kennysheep_path_1, kennysheep_generic_room_12
D:3:      layout_loops_corners, mainiacjoe_overflow_chevrons,
          lemuel_crystal_altar, mainiacjoe_overflow_brackets, st_stairs_4,
          minmay_goblin_kobold_house, uniq_robin
D:4:      layout_basic, lemuel_crystal_altar, nicolae_ashenzari_panopticon,
          beargit_hepliaklqana_dungeon_heroes, mainiacjoe_overflow_alcove_2,
          serial_curves, eino_curves_03, eino_curves_04
D:5:      layout_basic, minmay_temple_entry_wispy, minivault_5,
          minmay_fractal_squares_gapless_5
D:6:      layout_layer_cave, nicolae_overflow_hidden_temple,
          minmay_misc_feat_alley
D:7:      layout_loops_cross, general_overflow_altar, lemuel_tele_altar,
          nicolae_ru_awakened_eye, dk_yredelemnul_ordeal, uniq_jeremiah

Skill      XL: |  1  2  3  4  5  6  7  8  9 |
---------------+----------------------------+-----
Fighting       | 2 3 4 5 |  5.3
Shapeshifting  | 4 5 7 |  7.5
Dodging        | 3 4 5 |  5.7
Unarmed Combat | 4 5 6 |  6.2

Action                     |  1- 3 |  4- 6 |  7- 9 || total
---------------------------+-------+-------+-------++-------
  Melee: Unarmed           |    46 |   136 |   151 ||   333
         Constrict         |     8 |    38 |    31 ||    77
         Tentacles         |     9 |    29 |    48 ||    86
         Punch             |     1 |       |     7 ||     8
  Throw: Boomerang         |       |       |     3 ||     3
    Use: Scroll            |     2 |     6 |     6 ||    14
         Potion            |     1 |     1 |       ||     2
   Stab: Sleeping          |     9 |     7 |     4 ||    20
         Distracted        |       |       |     1 ||     1
 Armour: Skin              |    23 |    52 |    64 ||   139
  Dodge: Dodged            |    19 |    94 |   110 ||   223
